 Dungeon Crawl Stone Soup version 0.28.0-53-g5a82cb258f (webtiles) character file.

Game seed: 12823134765243244833

91 Woods the Insei (level 4, -2/34 HPs)
             Began as a Gnoll Transmuter on June 7, 2022.
             Succumbed to a kobold brigand's poison
             ... in a sewer.
             The game lasted 00:04:08 (2129 turns).

Woods the Insei (Gnoll Transmuter)                  Turns: 2129, Time: 00:04:09

Health: -2/34      AC:  2    Str:  9    XL:     4   Next: 59%
Magic:  18/20      EV: 22    Int: 15    God:
Gold:   68         SH:  0    Dex: 17    Spells: 7/13 levels left

rFire   . . .      SeeInvis .     - Unarmed
rCold   . . .      Faith    .   (shield currently unavailable)
rNeg    . . .      Spirit   .   (armour currently unavailable)
rPois   x          Reflect  .   (helmet currently unavailable)
rElec   .          Harm     .   (cloak currently unavailable)
rCorr   .          Rampage  .   (gloves currently unavailable)
Will    .....                   (boots currently unavailable)
Stlth   +.........              (no amulet)
HPRegen 0.11/turn               b - ring of magical power
MPRegen 0.17/turn               (no ring)

@: lethally poisoned (-2 -> -54), spider-form (expiring), very slow
A: venomous fangs, tiny, (fangs 1), strong nose, distributed training
a: End Transformation


You were in a sewer.
You were a venomous arachnid creature.
You visited 1 branch of the dungeon, and saw 3 of its levels.
You also visited: Sewer.

You collected 68 gold pieces.

Inventory:

Armour
 a - a +0 robe (melded)
 f - a +0 ring mail
 k - a +2 pair of boots of stealth
 l - a +0 pair of gloves (melded)
Jewellery
 b - a ring of magical power (left front leg)
Scrolls
 c - 5 scrolls of identify {unknown}
 h - a scroll of enchant armour {unknown}
 j - 2 scrolls of enchant weapon {unknown}
 m - a scroll of teleportation {unknown}
Potions
 d - a potion of attraction {unknown}
 e - a potion of mutation {unknown}
 g - a potion of flight {unknown}
 i - a potion of lignification {unknown}


   Skills:
 + Level 2.8 Fighting
 + Level 1.2 Short Blades
 + Level 1.2 Long Blades
 + Level 1.2 Axes
 + Level 1.2 Maces & Flails
 + Level 1.2 Polearms
 + Level 1.2 Staves
 + Level 1.2 Slings
 + Level 1.2 Bows
 + Level 1.2 Crossbows
 + Level 1.2 Throwing
 + Level 1.2 Armour
 + Level 4.6 Dodging
 + Level 1.2 Stealth
 + Level 1.2 Shields
 + Level 6.6 Unarmed Combat
 + Level 5.1 Spellcasting
 + Level 1.0 Conjurations
 + Level 1.0 Hexes
 + Level 1.0 Summonings
 + Level 1.0 Necromancy
 + Level 1.0 Translocations
 + Level 3.8 Transmutations
 + Level 1.0 Fire Magic
 + Level 1.0 Ice Magic
 + Level 1.0 Air Magic
 + Level 1.0 Earth Magic
 + Level 1.0 Poison Magic
 + Level 1.3 Invocations
 + Level 1.2 Evocations


You had 7 spell levels left.
You knew the following spells:

 Your Spells              Type           Power      Damage    Failure   Level
a - Beastly Appendage     Tmut           30%        N/A       11%         1
b - Wereblood             Tmut           15%        N/A       14%         2
c - Spider Form           Tmut/Pois      11%        N/A       38%         3

Your spell library contained the following spells:

 Spells                   Type           Power      Damage    Failure   Level
 Freeze                   Ice            24%        1d5       26%         1
 Ignite Poison            Fire/Tmut/Pois 9%         N/A       43%         3
 Frozen Ramparts          Ice            12%        1d3       54%         3
 Mephitic Cloud           Conj/Pois/Air  6%         N/A       54%         3
 Ice Form                 Ice/Tmut       11%        N/A       73%         4
 Hailstorm                Conj/Ice       6%         3d4       87%         4
 Freezing Cloud           Conj/Ice/Air   3%         6-21      99%         5


Dungeon Overview and Level Annotations

Branches:
Dungeon (3/15)              Sewer (1/1)

Altars:


Innate Abilities, Weirdness & Mutations

You are a venomous arachnid creature.
You have poisonous fangs.
You are tiny and dextrous.
Your spellcasting is less reliable in this form.
Your armour is entirely melded.
You are incapable of wielding weapons or throwing items.
((You have very sharp teeth.))
Your uncanny sense of smell can sniff out nearby items.
Your experience applies equally to all skills.


Message History

You feel sick.
You feel sick.
You feel sick.
You feel sick.
You feel sick.
You are no longer poisoned.
Casting: Spider Form (quite dangerous; 19% risk of failure)
Confirm with . or Enter, or press ? or * to list all spells.
The spell is quite dangerous to miscast (19% risk of failure)!
Continue anyway?
You turn into a venomous arachnid creature.
Your +0 pair of gloves melds into your body.
Your +0 robe melds into your body.
You enter the shallow water.
Moving in this stuff is going to be slow.
Your transformation is almost over.
You hit the kobold.
The kobold is poisoned.
The kobold is heavily wounded.
The kobold misses you.
You bite the kobold!
You kill the kobold!
You hear a splash.
The kobold brigand throws a poisoned dart.
The poisoned dart closely misses you.
The kobold brigand hits you with a +1 dagger of venom.
Things that are here:
a +0 dagger; a kobold corpse You completely miss the kobold brigand.
The kobold brigand hits you with a +1 dagger of venom.
You are lethally poisoned!
You hit the kobold brigand.
The kobold brigand is poisoned.
The kobold brigand is moderately wounded.
* * * LOW HITPOINT WARNING * * *
You feel extremely sick.
The kobold brigand hits you with a +1 dagger of venom.
* * * LOW HITPOINT WARNING * * *
You are more poisoned.
You hit the kobold brigand.
The kobold brigand looks as sick as possible!
The kobold brigand is moderately wounded.
You die...

##≈###K#
##†###.## #.# #≈#
#≈# #≈# #.###≈#
#≈###≈# #≈≈.≈.#
#≈≈≈.≈# ##≈≈.##
##≈≈≈## #≈≈≈#
#≈≈.# #..≈# #.≈≈#
#≈.K## ##≈..#
#≈≈.s## ##..≈.#
#≈≈≈≈≈#####≈.≈..#
##≈≈≈≈≈..≈≈≈≈≈.##
###.≈..≈≈.≈.###
##..≈....##
##≈≈.≈≈.≈## ≈
≈##≈.≈≈≈...≈##≈..
≈.≈..≈.≈≈.≈.≈≈.≈≈
≈≈≈≈≈≈.≈.≈≈≈...≈#


You could see a kobold brigand (extremely poisoned).

Vanquished Creatures
  Robin (D:2)
  A gnoll (D:1)
  An adder (D:3)
  2 worms
  A dart slug (D:1)
  An orc (D:3)
  6 ball pythons
  3 endoplasms
  5 giant cockroaches
  9 goblins
  2 hobgoblins
  5 kobolds
  2 quokkas (D:1)
  6 bats
  2 frilled lizards (D:1)
  5 rats
52 creatures vanquished.

Notes
Turn   | Place    | Note
-------+----------+-------------------------------------------
     0 | D:1      | Woods the Gnoll Transmuter began the quest for the Orb.
     0 | D:1      | Reached XP level 1. HP: 17/17 MP: 6/6
   290 | D:1      | Reached XP level 2. HP: 20/23 MP: 7/7
   298 | D:1      | Learned a level 2 spell: Wereblood
   589 | D:1      | Reached skill level 5 in Spellcasting
   589 | D:1      | Reached XP level 3. HP: 24/28 MP: 9/9
   971 | D:2      | Noticed Robin
   973 | D:2      | Reached skill level 1 in Invocations
   985 | D:2      | Killed Robin
   986 | D:2      | Reached skill level 1 in Short Blades
   986 | D:2      | Reached skill level 1 in Long Blades
   986 | D:2      | Reached skill level 1 in Axes
   986 | D:2      | Reached skill level 1 in Maces & Flails
   986 | D:2      | Reached skill level 1 in Polearms
   986 | D:2      | Reached skill level 1 in Staves
   986 | D:2      | Reached skill level 1 in Slings
   986 | D:2      | Reached skill level 1 in Bows
   986 | D:2      | Reached skill level 1 in Crossbows
   986 | D:2      | Reached skill level 1 in Throwing
   986 | D:2      | Reached skill level 1 in Armour
   986 | D:2      | Reached skill level 1 in Stealth
   986 | D:2      | Reached skill level 1 in Shields
   986 | D:2      | Reached skill level 1 in Evocations
  1096 | D:2      | Reached XP level 4. HP: 34/34 MP: 11/11
  1144 | D:2      | Learned a level 3 spell: Spider Form
  1725 | D:3      | Found a faded altar of an unknown god.
  1976 | D:3      | Found a glowing drain.
  1995 | Sewer    | Entered a sewer
  2041 | Sewer    | Reached skill level 1 in Conjurations
  2041 | Sewer    | Reached skill level 1 in Hexes
  2041 | Sewer    | Reached skill level 1 in Summonings
  2041 | Sewer    | Reached skill level 1 in Necromancy
  2041 | Sewer    | Reached skill level 1 in Translocations
  2041 | Sewer    | Reached skill level 1 in Fire Magic
  2041 | Sewer    | Reached skill level 1 in Ice Magic
  2041 | Sewer    | Reached skill level 1 in Air Magic
  2041 | Sewer    | Reached skill level 1 in Earth Magic
  2041 | Sewer    | Reached skill level 1 in Poison Magic
  2110 | Sewer    | Noticed a kobold brigand
  2129 | Sewer    | Succumbed to a kobold brigand's poison

Illustrated notes

Levels and vault maps discovered:
D:1:      erik_arrival_blinker_ship, layout_rooms, minivault_24
D:2:      layout_basic, uniq_robin
D:3:      layout_basic, hellmonk_ecumenical_altar_arch_garden,
          cheibrodos_sewer_entry_drain, roderic_serpentine_path
Sewer:    sewer_co_tree

Skill      XL: |  1  2  3  4 |
---------------+-------------+-----
Spellcasting   | 5 |  5.1
Invocations    | 1 |  1.3
Short Blades   | 1 |  1.2
Long Blades    | 1 |  1.2
Axes           | 1 |  1.2
Maces & Flails | 1 |  1.2
Polearms       | 1 |  1.2
Staves         | 1 |  1.2
Slings         | 1 |  1.2
Bows           | 1 |  1.2
Crossbows      | 1 |  1.2
Throwing       | 1 |  1.2
Armour         | 1 |  1.2
Stealth        | 1 |  1.2
Shields        | 1 |  1.2
Evocations     | 1 |  1.2
Conjurations   | 1 |  1.0
Hexes          | 1 |  1.0
Summonings     | 1 |  1.0
Necromancy     | 1 |  1.0
Translocations | 1 |  1.0
Fire Magic     | 1 |  1.0
Ice Magic      | 1 |  1.0
Air Magic      | 1 |  1.0
Earth Magic    | 1 |  1.0
Poison Magic   | 1 |  1.0
Fighting       | |  2.8
Dodging        | |  4.6
Unarmed Combat | |  6.6
Transmutations | |  3.8

Action                   |  1- 3 |  4- 6 || total
-------------------------+-------+-------++-------
Melee: Unarmed           |    76 |    52 ||   128
       Kick              |    11 |     4 ||    15
       Headbutt          |     6 |     5 ||    11
       Bite              |     6 |     3 ||     9
       Punch             |     2 |     1 ||     3
 Cast: Beastly Appendage |    15 |    10 ||    25
       Wereblood         |     1 |       ||     1
       Spider Form       |       |     1 ||     1
 Stab: Sleeping          |     1 |     1 ||     2
       Distracted        |       |     1 ||     1
Armor: Robe              |    17 |     2 ||    19
Dodge: Dodged            |    44 |    24 ||    68
